Cogmind - Beta 10.2 @@@ ROGUE MODE // 2021.01.23 @ 19:38:45 Player: Joking_Phantom Result: Self-destructed Performance ------------- Evolutions (2) 1000 Regions Visited (7) 1400 Robots Destroyed (222) 1110 Value Destroyed (6329) 6329 Prototype IDs (55) 1100 Alien Tech Used (0) 0 Bonus (1639) 1639 TOTAL SCORE: 12578 Bonus ------- Triggered High Security 500 High Alert Combat Kills 2114 Follower Combat Kills 85 Aligned with FarCom 300 Friendly Fire -1360 Cogmind --------- Core Integrity 192/550 Matter 210/300 Energy 229/265 System Corruption 7% Temperature Cool (17) Movement Treading (190) Ox1 Location -8/Materials Parts ------- > --- POWER (1) -------- Reinforced Ion Engine > --- PROPULSION (2) --- Armored Treads Armored Treads > --- UTILITY (6) ------ High-capacity Storage Unit Advanced Targeting Computer Improved Weapon Shielding > --- WEAPON (2) ------- Assault Cannon Advanced EMP Blaster > --- INVENTORY (12) --- Advanced Signal Interpreter Heavy Armor Plating Improved Light Armor Plating Improved Light Armor Plating Reactive Plating Advanced Component Analysis Suite Long-range Tractor Beam Enhanced Autogun Assault Cannon Rocket Launcher Makeshift Axe Peak State ------------ > --- POWER ------------ Improved Ion Engine > --- PROPULSION ------- Armored Treads Armored Treads > --- UTILITY ---------- Disposable Heat Sink High-capacity Storage Unit Humpback Advanced Targeting Computer Advanced Component Analysis Suite > --- WEAPON ----------- 8R-AWN's Boregun 8R-AWN's Boregun > --- INVENTORY -------- Improved Ion Engine Improved Ion Engine Reinforced Ion Engine Armored Treads Armored Treads Advanced Treads Disposable Heat Sink Superbattery YI-UF0's Bottomless Matter Pit Advanced Signal Interpreter Improved Utility Shielding Improved Weapon Shielding Improved Light Armor Plating Improved Light Armor Plating Reactive Plating Heavy EM Shotgun Spread Laser Spread Laser Heavy Assault Rifle Heavy Assault Rifle Gauss Rifle Assault Cannon Assault Cannon Assault Cannon Assault Cannon Advanced EMP Blaster Advanced EMP Blaster Grenade Launcher Rocket Launcher YI-UF0's Doublenader Improved Datajack Makeshift Axe [Rating: 54] Favorites ----------- Power Improved Ion Engine Engine Improved Ion Engine Propulsion Improved Treads Treads Improved Treads Leg Aluminum Leg Wheel Compact Wheel Hover Unit Aerolev Unit Utility Large Storage Unit Device Disposable Heat Sink Storage Large Storage Unit Processor Advanced Targeting Computer Protection Hardened Light Armor Plating Weapon Improved EM Shotgun Energy Gun Improved EM Shotgun Energy Cannon Advanced Beam Cannon Ballistic Gun Shotgun Ballistic Cannon Assault Cannon Launcher Advanced EMP Blaster Special Weapon Plasma Cutter Slashing Weapon Makeshift Axe Special Melee Weapon Datajack Build | -11 -10 -10 -9 -9 -9 -8 -8 ------- Run | Scr Mat Min Mat Min Exi Min Mat Slots Evolved 4 | . . . 2 . . . 2 Power . | . . . . . . . . Propulsion . | . . . . . . . . Utility 4 | . . . 2 . . . 2 Weapon . | . . . . . . . . Parts Attached 198 | 1 35 10 30 9 28 2 83 Power 18 | . 3 2 2 1 1 . 9 Engine 18 | . 3 2 2 1 1 . 9 Core . | . . . . . . . . Reactor . | . . . . . . . . Propulsion 48 | . 19 6 8 . 4 . 11 Treads 34 | . 8 4 8 . 4 . 10 Leg 1 | . 1 . . . . . . Wheel 12 | . 10 2 . . . . . Hover 1 | . . . . . . . 1 Flight . | . . . . . . . . Utility 46 | 1 7 . 6 . 9 . 23 Device 7 | . . . . . . . 7 Storage 15 | 1 7 . 2 . 3 . 2 Processor 1 | . . . . . . . 1 Hackware . | . . . . . . . . Protection 23 | . . . 4 . 6 . 13 Artifact . | . . . . . . . . Weapon 86 | . 6 2 14 8 14 2 40 Energy Gun 17 | . . . 5 2 . 2 8 Energy Cannon 8 | . . . . 1 3 . 4 Ballistic Gun 38 | . 6 2 8 3 9 . 10 Ballistic Cannon 3 | . . . . . . . 3 Launcher 15 | . . . 1 . . . 14 Special Weapon 2 | . . . . 1 1 . . Impact Weapon . | . . . . . . . . Slashing Weapon 1 | . . . . . . . 1 Piercing Weapon . | . . . . . . . . Special Melee Weapon 2 | . . . . 1 1 . . Unidentified Prototypes 4 | . . . 1 . . . 3 Parts Lost 31 | . 2 . . . 11 . 18 Power 4 | . . . . . 1 . 3 Propulsion 6 | . . . . . 3 . 3 Utility 7 | . . . . . 3 . 4 Weapon 14 | . 2 . . . 4 . 8 Highest Loss Streak 8 | . 1 . . . 8 . 5 Average Slot Usage (%) 91 | . 95 100 97 99 92 77 88 Engine 11 | . 13 14 11 11 11 11 8 Treads 20 | . 17 21 22 22 22 22 17 Wheel 1 | . 10 6 . . . . . Device 1 | . . . . . . . 8 Storage 26 | . 28 28 25 44 31 22 18 Protection 7 | . . . 16 . 8 . 14 Energy Gun 5 | . . . 2 6 . 18 8 Energy Cannon 1 | . . . . 5 1 . 2 Ballistic Gun 12 | . 23 28 19 9 16 3 3 Naked Turns . | . . . . . . . . Heaviest Build 183 | 16 59 59 93 97 179 179 183 Greatest Support 46 | 20 46 40 43 43 46 46 46 Greatest Overweight (x) 4 | . 2 1 2 2 3 3 4 Average Overweight (x) 1 | . . 1 1 2 1 3 3 Largest Inventory Capacity 52 | 8 18 18 30 30 44 44 52 Average Capacity 27 | 6 12 18 19 30 28 44 32 Most Carried 44 | 6 18 18 30 30 44 44 44 Average Carried 25 | 5 11 17 19 29 21 44 29 Final Capacity 44 | 8 18 18 30 30 44 44 44 Final Carried 44 | 6 18 18 30 30 44 44 44 Class Distribution -------------------- 65% | Hauler-Mutant 32% | Mutant Dominant Class ---------------- Mutant | -10/Materials Mutant | -10/Mines Mutant | -9/Materials Hauler-Mutant | -9/Mines Hauler-Mutant | -9/Exiles Hauler-Mutant | -8/Mines Hauler-Mutant | -8/Materials Resources | -11 -10 -10 -9 -9 -9 -8 -8 ----------- Run | Scr Mat Min Mat Min Exi Min Mat Matter Collected 6624 | 246 788 265 957 180 772 1222 2194 Remotely 240 | . . . . . . . 240 Salvage Created 9764 | 99 955 263 1345 213 484 1131 5274 Parts 552 | 3 75 18 87 10 74 42 243 Haulers Intercepted 12 | . 2 . 4 . . . 6 Recyclers Shooed 10 | . 1 . 5 . . 3 1 Parts Field Recycled . | . . . . . . . . Retrieved Matter . | . . . . . . . . Parts Self-Destructed . | . . . . . . . . Prevented . | . . . . . . . . Kills | -11 -10 -10 -9 -9 -9 -8 -8 ------- Run | Scr Mat Min Mat Min Exi Min Mat Combat Hostiles Destroyed 144 | . 18 9 22 . 4 8 83 Melee 1 | . . . . . 1 . . Guns 75 | . 18 9 21 . 3 7 17 Cannons 12 | . . . . . . . 12 AOE 49 | . . . 1 . . 1 47 Classes Destroyed 19 | 1 5 3 2 . 2 . 6 Worker 24 | . 3 1 2 . . 11 7 Builder 5 | . . 1 . . . . 4 Tunneler 1 | . . . 1 . . . . Hauler 12 | . 2 . 4 . . . 6 Recycler 15 | 1 1 . 5 1 . 5 2 Mechanic 4 | . . . . . . . 4 Operator 2 | . . . . . . . 2 Turret 1 | . . . . . 1 . . Watcher 10 | . 2 . 4 . . . 4 Swarmer 14 | . 3 . 7 . . . 4 Grunt 85 | . 15 4 10 . . 8 48 Brawler 8 | . . . . . . . 8 Duelist 8 | . . . . . . . 8 Protector 3 | . . . . . . . 3 Sentry 14 | . . . 5 . . . 9 Demolisher 1 | . . 1 . . . . . Hunter 3 | . . . . . . . 3 Zionite 8 | . . . . . 8 . . Assembled 7 | . . 4 . . 3 . . Best Kill Streak 15 | 1 4 3 5 1 5 4 15 Combat Bots Only 12 | . 3 3 4 . 2 3 12 Max Kills in Single Turn 5 | 1 1 2 2 1 1 2 5 Gunslinging 1 | . . 1 . . . . 1 Exploded 5 | . . . 1 . . 1 5 Melee 1 | . . . . . 1 . . Uniques/NPCs Destroyed 5 | . . . . 1 4 . . YI-UF0 (-9/Mines) 8R-AWN (-9/Exiles) EX-DEC (-9/Exiles) EX-BIN (-9/Exiles) EX-HEX (-9/Exiles) Combat | -11 -10 -10 -9 -9 -9 -8 -8 -------- Run | Scr Mat Min Mat Min Exi Min Mat Damage Taken 8495 | . 963 211 703 32 1999 504 4083 Core 880 | . 188 56 77 . 159 42 358 Absorbed by Shields . | . . . . . . . . Core Remaining (%) 44 | 100 . 2 . . . 30 . Volleys Fired 530 | 9 86 21 99 12 101 45 157 Largest 2 | 2 2 2 2 2 2 2 2 Hottest 136 | 40 43 46 90 90 136 90 136 Shots Fired 957 | 18 157 42 192 15 184 90 259 Gun 790 | 18 157 42 190 6 151 90 136 Cannon 92 | . . . . . 26 . 66 Launcher 59 | . . . 2 . . . 57 Special 16 | . . . . 9 7 . . Kinetic 634 | 18 157 42 176 . 151 14 76 Thermal 81 | . . . . 9 33 . 39 Explosive 8 | . . . 2 . . . 6 Electromagnetic 234 | . . . 14 6 . 76 138 Robot Hit Streak 39 | 5 13 9 21 20 10 17 39 Robot Miss Streak 6 | 2 5 3 6 2 4 3 3 Penetration Max 1 | . . . . . 1 1 1 Secondary Targets 7 | . 1 2 1 . . 1 2 Max Gunslinging Chain 1 | . 1 1 1 . . 1 1 Shots Hit Robots 690 | 13 106 31 142 12 129 66 191 Core Hits 421 | 2 44 20 70 8 39 40 198 Critical Hits 59 | . . . 1 1 31 7 19 Critical Kills 16 | . . . . . 4 4 8 Critical Parts Destroyed 30 | . . . 1 . 15 3 11 Melee Attacks 9 | . . . . 1 5 . 3 Impact . | . . . . . . . . Slashing 3 | . . . . . . . 3 Piercing . | . . . . . . . . Sneak Attacks 6 | . . . . 1 5 . . Combat Hostiles . | . . . . . . . . Follow-up Attacks . | . . . . . . . . Damage Inflicted 17994 | 125 1369 474 2183 259 2151 1623 9810 Guns 8672 | 125 1361 474 1921 88 1504 1153 2046 Cannons 1562 | . . . . . 474 . 1088 Explosions 7351 | . . . 225 38 . 470 6618 Melee . | . . . . . . . . Ramming 258 | . 8 . 37 45 110 . 58 Kinetic 6545 | 125 1361 474 1708 . 1504 160 1213 Thermal 3212 | . . . . 126 537 470 2079 Explosive 607 | . . . 225 . . . 382 Electromagnetic 7372 | . . . 213 88 . 993 6078 Impact . | . . . . . . . . Slashing . | . . . . . . . . Piercing . | . . . . . . . . Highest Corruption 7 | . . . 1 1 1 1 7 Average Corruption 1 | . . . 1 1 1 1 1 Corruption Purged . | . . . . . . . . Effects 51 | . . . 3 8 22 8 10 Message Errors 25 | . . . 1 4 12 4 4 Heat Flow Errors 1 | . . . . . . . 1 Energy Discharges 12 | . . . 1 3 5 1 2 Data Loss (minor) 8 | . . . . 1 4 2 1 Targeting Errors 4 | . . . 1 . 1 1 1 Weapon Failures 1 | . . . . . . . 1 Overload Shots . | . . . . . . . . Overflow Damage 226 | . . . 35 . . 47 144 Projectiles 34 | . . . . . . . 34 Explosions 184 | . . . 35 . . 47 102 Melee 8 | . . . . . . . 8 Knockbacks 8 | . . . . 1 . . 7 Impact 1 | . . . . 1 . . . Kinetic 7 | . . . . . . . 7 Secondary . | . . . . . . . . Self-Inflicted Damage 662 | . . . . 32 . 92 538 Shots 28 | . . . . 1 . 2 25 Rammed 34 | . 1 . 4 2 20 . 7 Targets Rammed 36 | . 1 . 4 2 22 . 7 Kicked . | . . . . . . . . Crushed 2 | . . . . . 2 . . Highest Temperature 340 | . 6 4 144 36 340 186 314 Average Temperature 68 | . 3 3 28 17 108 45 84 Received Heat Transfer 2259 | . 429 48 234 . . 225 1323 Effects 8 | . . . . . 7 . 1 Shutdowns 1 | . . . . . . . 1 Energy Bleed 1 | . . . . . 1 . . Interference 5 | . . . . . 5 . . Damage (minor) 1 | . . . . . 1 . . Siege Activations . | . . . . . . . . Robots Corrupted 8 | . . . . . . . 8 Combat Hostiles 7 | . . . . . . . 7 Parts Fried 43 | . . . 4 . . 7 32 Impact Corruptions 2 | . . . . . . . 2 Robots Melted . | . . . . . . . . Combat Hostiles . | . . . . . . . . Parts Melted 3 | . . . . . . . 3 Heat Transferred 3838 | . . . . 296 261 500 2781 Parts Sabotaged . | . . . . . . . . Parts Stolen . | . . . . . . . . Parts Stripped . | . . . . . . . . Power Chain Reactions 45 | . . . . 1 . 10 34 Missiles Intercepted . | . . . . . . . . Alert | -11 -10 -10 -9 -9 -9 -8 -8 ------- Run | Scr Mat Min Mat Min Exi Min Mat Peak Influence 2136 | 5 321 116 374 187 . 173 2136 Initial 124 | . 3 26 19 124 . . 25 Average 356 | 2 139 39 248 53 . 55 907 Maximum Alert Level 5 | . 1 . 1 . . . 5 Low Security (%) 58 | 100 67 100 17 100 . 100 22 Level 1 20 | . 32 . 82 . . . 7 Level 2 . | . . . . . . . 1 Level 3 5 | . . . . . . . 18 Level 4 11 | . . . . . . . 39 Level 5 . | . . . . . . . 3 High Security 2 | . . . . . . . 6 Max Security . | . . . . . . . . Squads Dispatched 30 | . 5 . 2 . . . 23 Investigation 7 | . 5 . 1 . . . 1 Extermination . | . . . . . . . . Reinforcement 6 | . . . 1 . . . 5 Assault 14 | . . . . . . . 14 Garrison 3 | . . . . . . . 3 Intercept . | . . . . . . . . Construction Impeded 2 | . . . 1 . . . 1 Haulers Reinforced . | . . . . . . . . Stealth | -11 -10 -10 -9 -9 -9 -8 -8 --------- Run | Scr Mat Min Mat Min Exi Min Mat Distress Signals 7 | . . 1 3 . . . 3 Communications Jammed . | . . . . . . . . Distress Signals . | . . . . . . . . Times Spotted 248 | . 24 10 33 3 23 17 138 Peak Tracking Total 16 | . 4 2 4 2 7 3 16 Tactical Retreats 20 | . . . 1 . 7 8 4 Traps | -11 -10 -10 -9 -9 -9 -8 -8 ------- Run | Scr Mat Min Mat Min Exi Min Mat Traps Triggered 4 | . 3 . . . . . 1 Indirectly 1 | . . . . . . . 1 Trap Hack Attempts . | . . . . . . . . Triggered . | . . . . . . . . Disarmed . | . . . . . . . . Reprogrammed . | . . . . . . . . Reused 1 | . . . . . 1 . . Traps Extracted . | . . . . . . . . Installed 3 | . . . . 1 2 . . Triggered . | . . . . . . . . Machines | -11 -10 -10 -9 -9 -9 -8 -8 ---------- Run | Scr Mat Min Mat Min Exi Min Mat Machines Disabled 30 | . . . 2 . 12 . 16 Max in Single Turn 3 | . . . 1 . 2 . 3 Garrison Access 1 | . . . . . . . 1 Machines Sabotaged . | . . . . . . . . Garrisons Compromised . | . . . . . . . . Overloaded Fab Kills . | . . . . . . . . Fab Network Shutdowns . | . . . . . . . . Hacking | -11 -10 -10 -9 -9 -9 -8 -8 --------- Run | Scr Mat Min Mat Min Exi Min Mat Machines Accessed 34 | . 9 2 9 1 5 . 8 Terminals 22 | . 7 2 7 1 . . 5 Fabricators . | . . . . . . . . Repair Stations 4 | . . . 2 . . . 2 Recycling Units 3 | . 2 . . . . . 1 Scanalyzers . | . . . . . . . . Garrison Access . | . . . . . . . . Total Hacks 110 | . 26 2 26 5 28 . 23 Successful 75 | . 15 2 14 3 28 . 13 Failed 32 | . 10 . 11 1 . . 10 Catastrophic 3 | . . . 2 . . . 1 Database Lockouts 3 | . 1 . 1 1 . . . Manual 36 | . 12 2 10 4 1 . 7 Terminals 64 | . 23 2 19 5 . . 15 Fabricators . | . . . . . . . . Repair Stations 13 | . . . 7 . . . 6 Recycling Units 5 | . 3 . . . . . 2 Scanalyzers . | . . . . . . . . Garrison Access . | . . . . . . . . Terminal Hacks 49 | . 9 . 5 2 28 . 5 Record 27 | . . . . . 27 . . Part Schematic 1 | . 1 . . . . . . Robot Analysis 3 | . 1 . 1 1 . . . Prototype ID Bank 9 | . 4 . 3 . . . 2 Branch Access Points 1 | . . . . . . . 1 Machine Index 1 | . . . . . . . 1 Unreport Threat 2 | . 1 . . . . . 1 Hauler Manifests 1 | . 1 . . . . . . Registered Components 1 | . 1 . . . . . . Zone Layout 2 | . . . 1 1 . . . EX-Prototype ID Bank 1 | . . . . . 1 . . Fabricator Hacks . | . . . . . . . . Repair Station Hacks 8 | . . . 5 . . . 3 Scan Component 5 | . . . 3 . . . 2 Repair 3 | . . . 2 . . . 1 Recycling Unit Hacks . | . . . . . . . . Scanalyzer . | . . . . . . . . Garrison Access Hacks . | . . . . . . . . Unauthorized Hacks 18 | . 6 2 4 1 . . 5 Terminals 14 | . 4 2 4 1 . . 3 Track 7 | . 1 2 2 1 . . 1 Botnet 7 | . 3 . 2 . . . 2 Fabricators . | . . . . . . . . Repair Stations . | . . . . . . . . Recycling Units 4 | . 2 . . . . . 2 Recyclers 1 | . . . . . . . 1 Mask 1 | . . . . . . . 1 Tunnel 2 | . 2 . . . . . . Scanalyzers . | . . . . . . . . Garrison Access . | . . . . . . . . Data Cores Recovered . | . . . . . . . . Used . | . . . . . . . . Hacking Detections 21 | . 6 . 9 . . . 6 Full Trace Events 7 | . 2 . 3 . . . 2 Feedback Events 2 | . . . 1 . . . 1 Corruption 2 | . . . 1 . . . 1 Feedback Blocked . | . . . . . . . . Robot Schematics Acquired . | . . . . . . . . Robots Built . | . . . . . . . . Matter . | . . . . . . . . Time . | . . . . . . . . Total Robot Build Rating . | . . . . . . . . Part Schematics Acquired 1 | . 1 . . . . . . Parts Built . | . . . . . . . . Matter . | . . . . . . . . Time . | . . . . . . . . Total Part Build Rating . | . . . . . . . . Parts Repaired 3 | . . . 2 . . . 1 Time 172 | . . . 60 . . . 112 Parts Recycled . | . . . . . . . . Recycled Matter . | . . . . . . . . Retrieved Matter . | . . . . . . . . Retrieved Components . | . . . . . . . . Parts Scanalyzed . | . . . . . . . . Part Schematics Acquired . | . . . . . . . . Parts Damaged . | . . . . . . . . Bothacking | -11 -10 -10 -9 -9 -9 -8 -8 ------------ Run | Scr Mat Min Mat Min Exi Min Mat Used RIF Installer . | . . . . . . . . Robots Hacked 6 | . . . . 1 5 . . Non-combat 3 | . . . . . 3 . . Combat 3 | . . . . 1 2 . . Robot Hacks Applied 6 | . . . . 1 5 . . parse_system 6 | . . . . 1 5 . . Relay Couplers Released . | . . . . . . . . Robots Rewired . | . . . . . . . . Allies Hacked . | . . . . . . . . Hacks Repelled . | . . . . . . . . Allies | -11 -10 -10 -9 -9 -9 -8 -8 -------- Run | Scr Mat Min Mat Min Exi Min Mat Total Allies 3 | . . . . 3 . . . Largest Group 3 | . . . . 3 2 . . Highest-Rated Group 40 | . . . . 40 32 . . Highest-Rated Ally 16 | . . . . 16 16 . . Total Orders . | . . . . . . . . Ally Attacks 10 | . . . . 8 2 . . Total Damage 157 | . . . . 122 35 . . Kills 3 | . . . . 3 . . . Allies Corrupted . | . . . . . . . . Allies Melted . | . . . . . . . . Intel | -11 -10 -10 -9 -9 -9 -8 -8 ------- Run | Scr Mat Min Mat Min Exi Min Mat Robot Analysis Total 3 | . 1 . 1 1 . . . Derelict Logs Recovered 4 | . . 1 . 3 . . . Drone Launches . | . . . . . . . . Drone Recoveries . | . . . . . . . . Exploration | -11 -10 -10 -9 -9 -9 -8 -8 ------------- Run | Scr Mat Min Mat Min Exi Min Mat Turns Passed 14183 | 55 1512 927 1864 1360 3335 1842 3288 Spaces Moved 6161 | 22 879 532 720 646 1453 766 1143 Core . | . . . . . . . . Treads 5469 | . 384 357 720 646 1453 766 1143 Legs 22 | 22 . . . . . . . Wheels 670 | . 495 175 . . . . . Hover . | . . . . . . . . Flight . | . . . . . . . . Fastest Speed 100 | 120 100 110 180 200 180 220 200 Average Speed 190 | 120 131 156 183 200 196 220 227 Slowest Speed 240 | 120 180 180 200 200 220 220 240 Overloaded Moves . | . . . . . . . . Propulsion Burnouts . | . . . . . . . . Robots Hopped . | . . . . . . . . Cave-ins Triggered . | . . . . . . . . Exploration Rate (%) 78 | 4 99 97 53 99 94 93 92 Regions Visited 7 Branch Regions 4 Pre-discovered Areas 6 | . 2 . . 3 1 . . Known Exits Taken . | . . . . . . . . Unknown Exits Taken 7 | 1 1 1 1 1 1 1 . Scrap Searched 4 | . . 2 . 1 . 1 . Spaces Dug 3 | . . . . . . . 3 Terrain Destroyed 296 | . . . 10 5 14 54 213 Melee 3 | . . . . . . . 3 Projectile 34 | . . . . . 14 8 12 AOE 259 | . . . 10 5 . 46 198 Terrain Rammed . | . . . . . . . . Walls Destroyed . | . . . . . . . . Machines Disabled . | . . . . . . . . Actions | -11 -10 -10 -9 -9 -9 -8 -8 --------- Run | Scr Mat Min Mat Min Exi Min Mat Total 7609 | 35 1083 580 1072 689 1736 834 1580 Wait 306 | . 28 14 172 . 27 20 45 Move 6154 | 21 878 531 719 645 1452 765 1143 Hop . | . . . . . . . . Pick Up 178 | 2 25 1 25 9 55 1 60 Fast Attach 31 | 1 5 . 5 . 4 . 16 Attach 51 | . 1 . 5 1 15 . 29 Detach 7 | . . . 1 . . . 6 Swap 116 | . 29 10 20 8 9 2 38 Drop 184 | 2 30 3 22 10 40 1 76 Fire 530 | 9 86 21 99 12 101 45 157 Melee 9 | . . . . 1 5 . 3 Ram . | . . . . . . . . Kick . | . . . . . . . . Crush 36 | . 1 . 4 2 22 . 7 Escape Stasis . | . . . . . . . . Rewire 4 | . . . . . 4 . . Trap 3 | . . . . 1 2 . . Miscellaneous . | . . . . . . . . Route ------- -11/Scrapyard -10/Materials (discovered 4 exits: *Mat x3 / *Min) -10/Mines (discovered 2 exits: *Mat x2) -9/Materials (discovered 2 exits: *Mat / *Min) -9/Mines (discovered 3 exits: *Mat x2 / *Exi) -9/Exiles -8/Mines (discovered 2 exits: *Mat x2) -8/Materials (discovered 4 exits: [*Fac x2] / *Sto x2) History --------- Turn | Location | Event 15 | -11/Scrapyard | Discovered new exit (range 3) 56 | -11/Scrapyard | Entered Materials 126 | -10/Materials | Discovered new exit (range 15) 318 | -10/Materials | Build established: Mutant 411 | -10/Materials | Discovered new exit (range 16) 493 | -10/Materials | Discovered new exit (range 16) 918 | -10/Materials | Core integrity fell below 50% 1107 | -10/Materials | Discovered new exit (range 9) 1123 | -10/Materials | Central database locked down 1568 | -10/Materials | Entered Mines 1569 | -10/Mines | Assembled infested the area 1835 | -10/Mines | Core integrity fell below 20% 2017 | -10/Mines | Discovered new exit (range 7) 2188 | -10/Mines | Discovered new exit (range 15) 2370 | -10/Mines | Learned Materials garrison access intel 2393 | -10/Mines | A weapon hastily lodged in a ceiling crevice suddenly fell to the ground 2495 | -10/Mines | Entered Materials 2495 | -9/Materials | Evolved 2 slots: Utility x2 3090 | -9/Materials | Repaired Hrd. Light Armor Plating 3160 | -9/Materials | Repaired Broken Shotgun 3823 | -9/Materials | Discovered new exit (range 16) 3952 | -9/Materials | Discovered new exit (range 13) 4281 | -9/Materials | Central database locked down 4311 | -9/Materials | Build established: Hauler-Mutant 4359 | -9/Materials | Entered Mines 4373 | -9/Mines | Assisted by bots powering up and referring to "LRC-V3" 4452 | -9/Mines | Discovered new exit (range 10) 4458 | -9/Mines | Learned location of Zion (-7) 4540 | -9/Mines | Learned Materials emergency access door positions 4594 | -9/Mines | Discovered new exit (range 5) 4597 | -9/Mines | Learned location of Storage (-8) 4640 | -9/Mines | Found a hidden stash of uninstalled traps 4899 | -9/Mines | Central database locked down 4934 | -9/Mines | YI-UF0 nonchalantly dropped a Grenade Launcher on the ground 5006 | -9/Mines | Destroyed YI-UF0 5020 | -9/Mines | Found YI-UF0's Doublenader 5023 | -9/Mines | Found YI-UF0's Bottomless Matter Pit 5555 | -9/Mines | Deemed a non-threat by the Exiles lab entrance 5555 | -9/Mines | Discovered new exit (range 5) 5719 | -9/Mines | Entered Exiles 5719 | -9/Exiles | Accompanied by 2 allies 5767 | -9/Exiles | Met 8R-AWN 5817 | -9/Exiles | Met EX-HEX 5917 | -9/Exiles | Met EX-DEC 6011 | -9/Exiles | Met EX-BIN 6053 | -9/Exiles | Aligned with FarCom system 6055 | -9/Exiles | Given EX-Vault access code 6101 | -9/Exiles | Opened EX-Vault 6145 | -9/Exiles | Warned to stay clear of 0b10 Research branches 6287 | -9/Exiles | Discovered new exit (range 14) 6807 | -9/Exiles | Found PSU Rigger 6810 | -9/Exiles | Found Superbattery 6816 | -9/Exiles | Found Modified TNC 7291 | -9/Exiles | Attacked by the Exiles 7453 | -9/Exiles | Build established: Mutant 7481 | -9/Exiles | Core integrity fell below 50% 7561 | -9/Exiles | Lost 8 parts (1p2n2u3w) 7586 | -9/Exiles | Destroyed 8R-AWN 7589 | -9/Exiles | Found 8R-AWN's Boregun 7594 | -9/Exiles | Found 8R-AWN's Boregun 7600 | -9/Exiles | Found Exp. Targeting Computer 8006 | -9/Exiles | Destroyed EX-DEC 8009 | -9/Exiles | Destroyed EX-BIN 8057 | -9/Exiles | Found Deploy-a-Sentry 8075 | -9/Exiles | Destroyed EX-HEX 8311 | -9/Exiles | Build established: Hauler-Mutant 9054 | -9/Exiles | Stole four prototypes: Superbattery, Modified TNC, PSU Rigger, Deploy-a-Sentry 9054 | -9/Exiles | Entered Mines 9092 | -8/Mines | Discovered new exit (range 5) 9980 | -8/Mines | Discovered new exit (range 5) 10896 | -8/Mines | Entered Materials 10896 | -8/Materials | Evolved 2 slots: Utility x2 10898 | -8/Materials | Loaded intel: 1 garrison access location 11150 | -8/Materials | Discovered new exit (range 15) 11391 | -8/Materials | Discovered new exit (range 15) 11520 | -8/Materials | Garrison activated, responded to threat 11730 | -8/Materials | Identified exit to Storage 11889 | -8/Materials | Discovered new exit (range 5) 11991 | -8/Materials | Destroyed 12 combat bots 12096 | -8/Materials | First assault squad dispatched 13375 | -8/Materials | Repaired Broken Exp. Heat Sink? 13455 | -8/Materials | Lost 3 parts (1u2w) 13462 | -8/Materials | Destroyed 8 combat bots 13959 | -8/Materials | High security lockdown imminent 14039 | -8/Materials | High security lockdown engaged 14113 | -8/Materials | Destroyed 9 combat bots 14118 | -8/Materials | Core integrity fell below 50% 14184 | -8/Materials | Self-destructed Last Messages --------------- 14173_ L-31 Rogue unfolds itself. 14173_ G-47 Trooper unfolds itself. 14173_ I-25 Savior unfolds itself. 14175_ C-30 ARC bursts open, deploying its payload. 14175_ G-50 Soldier unfolds itself. 14175_ L-31 Rogue unfolds itself. 14175_ G-47 Trooper unfolds itself. 14175_ I-25 Savior unfolds itself. 14180_ Dropped Superbattery. 14181_ Extracted 223 energy. 14181_ Acquired Superbattery. 14181_ G-47 Trooper misfires. 14182_ L-31 Rogue destroyed. 14182_ G-47 Trooper destroyed. 14183_ Humpback destroyed. 14183_ Assault Cannon crushed and broken. 14183_ Adv. Treads crushed and broken. 14183_ Imp. Datajack crushed and broken. 14183_ System corrupted by crushing effect (+3). 14183_ Lgt. Armor Plating destroyed. Map ----- +----------------------------------------------------+ | # + """" #?# """ # """#### | | /!% % # """" #?# """ # + + | | * ### # #?# """ # #*%# | | = % ##?# # #?# # #%*# | | # # #??# ########+##?# """ #""" %+=%# | | ##### #??# #??????# #??# """ #""" [# !" | | ???? #??# ######## #### ! """ #""" # !" | | ???? #??# + %! # #!%# | | ???? #??? #################+############%!### | | ??? ######"##### ##???#??#] ### # ###%/% #? | | ??? ## [ # ?? #??# * ! %%%*=!=%#? | | ??? ## % [#[=""" #??# =%= %%=%%! %>=#? | | ???## ## #!|""" #??# ! %=!#=#% !=#? | | ????? ## # !""" #??# =%########? | | ????? ## #!%== #??# #"####### | | ????? ## # = ##?# # # | | ????? ## #] "#?# + # | | ????# #########/ # #??# # # | | ????# "" * !% #??# [ [ #####+### | | ????# "%%" == =[ #??# # | | ????# ######## ====% #??#!!! # """ | | ???????????????# %# !%=! #??#!!! # """ ! | | ??????????????## % =g == #??#!!! # """ | | ??????????????# =/%==####### # | | ??????????????# i*mgg=bm%[g% # """ | | ??????????????# =g=[![@l[[]i # """ | | ??????????????# !%/]!##!### + """ | | ??????????????#### ######?##?# """ # | | ?????????????????##??????????# """ ######### | | ?????????????????????????????# """ #????? | | ??????????????????############ #????? | | ??????????????????# [! # ######### | | ???????????????????# = * # # ! | | ???????????????????# [! # + ! | | ???????????????????# + # | | ???????????????????# """ """ # ! # """ """ | | ???????????????????# """ """ # ##+##### """ """ | | ???????????????????# """ """ ######[ ## """ """ | | ???????????????????# #????#!*! ## | | ???????????????????###########????# [! ## | | ??????????????????????????????????# !! ########## | | ??????????????????????????????????#######????????? | | | | | | | | | | | | | | | | | +----------------------------------------------------+ Best States ------------- Heat Dissipation 57 Coolant Potential 50 Energy Generation 16 Energy Capacity 290 Matter Stores 300 Matter Capacity 300 Sight Range 16 Terrain Scan Density 10 Armor Coverage 600 Weapon Shielding 66 Evasion (%) 40 Targeting Accuracy 8 Recoil Reduction 2 Item Schematics ----------------- Hcp. Storage Unit | -10/Materials | Hacked Robot Schematics ------------------ None Fabricated ------------ Nothing Alien Tech Used ----------------- None Achievements -------------- Close Call Challenges ------------ None Game ------ Seed IonicBarrageBlade Manual? 0 Play Time 01:59:01 Cumulative 630.4 hours Start 2021.01.16 @ 14:10:02 End 2021.01.23 @ 19:38:45 Sessions 15 Manual Loads 0 Difficulty Rogue Special Mode None Game No. 141 Rogue 93 Adventurer 0 Explorer 48 Win Type - Total 34 Types 3/1/6/17/0/4/1/1/1 Lore% 77 Gallery% 90 Achievement% 67 Wizard Run 0 Options --------- ASCII 0 Keyboard 0 Movement Mouse Keybinds 0 Fullscreen 2 Font 24/Crisp Map View 76x50 Tactical HUD 1 Map Filters NONE Filters NONE Steam 1 RUN: 786ee47d-8030-47da-8ea2-c156f716cce9